[ AOE2 MATCH · #505073469 ]
UnrankedHuns vs Goths
Player's team · WIN
Rival team · LOSS
[ REPLAY ANALYSIS · EXTRACTED FROM THE RECORDED GAME ]
Feudal
10:40
Castle
23:32
Imperial
36:53
| APM avg | 76.3 |
| APM peak | 107 |
| eAPM avg | 32.3 |
| Villagers / military | 206 / 245 |
Focus
⚔️ 54.0% · 🌾 46.0%
Knight ×128 · Cavalry Archer ×53 · Skirmisher ×43 · Archer ×6 · Militia ×5 · Trebuchet (Packed) ×4
Feudal
12:39
Castle
23:43
Imperial
40:54
| APM avg | 76.6 |
| APM peak | 111 |
| eAPM avg | 38.4 |
| Villagers / military | 194 / 540 |
Focus
⚔️ 48.5% · 🌾 51.5%
Spearman ×367 · Huskarl ×139 · Skirmisher ×15 · Militia ×10 · Trebuchet (Packed) ×8 · Archer ×1
Match map
Initial resources + every placement click. Lines = walls · curves = elevation contours. ◆ gold · ⬟ stone · ● berries · ✦ relic · ◌ wall gap
Your base· ✓ Closed at 23:32 · 61t walls · 1 gate(s)
Mawashigeri's base· Open — 8t gap
Smoothed initial terrain · ◌ = detected wall gap · hover for details
Inputs per minute
— Macluffy - - Mawashigeri
Build order — Macluffy
First 150 of 682 actions detected
| 0:03 | Create | Villager (Male) |
| 0:03 | Create | Villager (Male) |
| 0:04 | Create | Villager (Male) |
| 0:07 | Create | Villager (Male) |
| 1:24 | Create | Villager (Male) |
| 1:54 | Build | Lumber Camp |
| 1:54 | Create | Villager (Male) |
| 2:10 | Create | Villager (Male) |
| 2:41 | Create | Villager (Male) |
| 2:58 | Create | Villager (Male) |
| 3:26 | Create | Villager (Male) |
| 4:00 | Create | Villager (Male) |
| 4:33 | Create | Villager (Male) |
| 4:41 | Build | Barracks |
| 4:42 | Create | Villager (Male) |
| 4:48 | Build | Palisade Wall |
| 4:49 | Build | Palisade Wall |
| 4:50 | Build | Palisade Wall |
| 5:21 | Create | Villager (Male) |
| 5:37 | Create | Militia |
| 5:37 | Create | Militia |
| 5:49 | Create | Villager (Male) |
| 6:00 | Create | Militia |
| 6:07 | Build | Mill |
| 6:15 | Create | Villager (Male) |
| 6:37 | Create | Villager (Male) |
| 6:38 | Research | Loom |
| 7:09 | Create | Villager (Male) |
| 7:21 | Build | Palisade Wall |
| 7:23 | Build | Palisade Wall |
| 7:32 | Build | Palisade Wall |
| 7:33 | Build | Palisade Wall |
| 7:35 | Build | Palisade Wall |
| 7:43 | Create | Villager (Male) |
| 8:30 | Research | Feudal Age |
| 8:43 | Build | Mill |
| 9:30 | Build | Mining Camp |
| 9:49 | Create | Villager (Male) |
| 10:37 | Create | Villager (Male) |
| 10:40 | Age | Feudal Age |
| 10:51 | Build | Archery Range |
| 10:55 | Research | Double-Bit Axe |
| 10:57 | Research | Horse Collar |
| 11:01 | Create | Militia |
| 11:01 | Create | Militia |
| 11:04 | Research | Man-at-Arms (upgrade) |
| 11:09 | Build | Farm |
| 11:09 | Build | Farm |
| 11:28 | Build | Farm |
| 11:31 | Create | Villager (Male) |
| 11:33 | Build | Farm |
| 11:37 | Create | Archer |
| 11:55 | Build | Farm |
| 12:01 | Create | Villager (Male) |
| 12:02 | Build | Palisade Wall |
| 12:03 | Build | Palisade Wall |
| 12:03 | Build | Palisade Wall |
| 12:05 | Build | Palisade Wall |
| 12:07 | Build | Palisade Wall |
| 12:21 | Build | Farm |
| 12:21 | Create | Archer |
| 12:31 | Create | Villager (Male) |
| 12:34 | Build | Farm |
| 12:46 | Create | Villager (Male) |
| 13:05 | Create | Villager (Male) |
| 13:14 | Build | Blacksmith |
| 13:15 | Create | Villager (Male) |
| 13:22 | Create | Archer |
| 13:25 | Build | Farm |
| 13:31 | Create | Villager (Male) |
| 13:39 | Create | Villager (Male) |
| 13:52 | Build | Farm |
| 13:53 | Build | Farm |
| 14:03 | Build | Farm |
| 14:10 | Create | Archer |
| 14:11 | Create | Villager (Male) |
| 14:19 | Research | Fletching |
| 14:33 | Create | Villager (Male) |
| 14:34 | Build | Farm |
| 14:54 | Create | Skirmisher |
| 14:54 | Create | Skirmisher |
| 15:06 | Create | Villager (Male) |
| 15:17 | Create | Archer |
| 15:18 | Create | Villager (Male) |
| 15:20 | Create | Archer |
| 15:21 | Create | Villager (Male) |
| 15:31 | Build | Archery Range |
| 15:41 | Create | Skirmisher |
| 15:47 | Build | Lumber Camp |
| 15:54 | Create | Villager (Male) |
| 16:09 | Create | Skirmisher |
| 16:09 | Create | Villager (Male) |
| 16:16 | Create | Skirmisher |
| 16:22 | Build | Palisade Wall |
| 16:29 | Create | Skirmisher |
| 16:29 | Create | Villager (Male) |
| 16:33 | Create | Skirmisher |
| 16:46 | Create | Skirmisher |
| 16:47 | Create | Skirmisher |
| 16:48 | Build | Palisade Wall |
| 16:53 | Create | Villager (Male) |
| 16:55 | Build | Palisade Gate |
| 16:56 | Build | Palisade Wall |
| 16:58 | Build | Palisade Wall |
| 17:00 | Create | Villager (Male) |
| 17:01 | Create | Skirmisher |
| 17:01 | Create | Skirmisher |
| 17:03 | Create | Villager (Male) |
| 17:06 | Build | Palisade Wall |
| 17:08 | Build | Palisade Wall |
| 17:17 | Create | Skirmisher |
| 17:27 | Build | Farm |
| 17:32 | Create | Villager (Male) |
| 17:38 | Create | Skirmisher |
| 17:48 | Create | Skirmisher |
| 17:49 | Create | Skirmisher |
| 18:01 | Create | Villager (Male) |
| 18:09 | Create | Skirmisher |
| 18:16 | Create | Villager (Male) |
| 18:21 | Build | Palisade Wall |
| 18:24 | Build | Palisade Wall |
| 18:29 | Create | Skirmisher |
| 18:29 | Create | Skirmisher |
| 18:30 | Create | Villager (Male) |
| 18:36 | Build | Farm |
| 18:48 | Build | Farm |
| 18:50 | Build | Farm |
| 18:53 | Create | Villager (Male) |
| 19:06 | Create | Skirmisher |
| 19:06 | Create | Skirmisher |
| 19:34 | Build | Palisade Wall |
| 19:35 | Build | Lumber Camp |
| 19:43 | Create | Skirmisher |
| 19:43 | Create | Villager (Male) |
| 19:47 | Create | Skirmisher |
| 19:47 | Create | Villager (Male) |
| 20:00 | Create | Villager (Male) |
| 20:07 | Create | Villager (Male) |
| 20:16 | Create | Skirmisher |
| 20:38 | Build | Farm |
| 20:41 | Build | Market |
| 20:52 | Research | Castle Age |
| 21:01 | Research | Padded Archer Armor |
| 21:16 | Create | Skirmisher |
| 21:23 | Build | Farm |
| 21:24 | Build | Farm |
| 21:31 | Build | Farm |
| 21:35 | Research | Gold Mining |
| 21:36 | Create | Villager (Male) |
| 21:57 | Build | Stable |
Build order — Mawashigeri
First 150 of 984 actions detected
| 0:00 | Create | Villager (Male) |
| 0:01 | Build | House |
| 0:03 | Build | House |
| 0:20 | Create | Villager (Male) |
| 0:20 | Create | Villager (Male) |
| 0:20 | Create | Villager (Male) |
| 0:42 | Research | Loom |
| 1:25 | Create | Villager (Male) |
| 1:48 | Build | Lumber Camp |
| 1:59 | Create | Villager (Male) |
| 2:16 | Create | Villager (Male) |
| 2:47 | Create | Villager (Male) |
| 3:12 | Create | Villager (Male) |
| 3:39 | Create | Villager (Male) |
| 3:49 | Build | House |
| 4:00 | Create | Villager (Male) |
| 4:30 | Create | Villager (Male) |
| 4:32 | Build | Barracks |
| 4:56 | Create | Villager (Male) |
| 5:07 | Build | House |
| 5:24 | Create | Villager (Male) |
| 5:26 | Create | Militia |
| 5:37 | Build | House |
| 5:42 | Create | Villager (Male) |
| 5:53 | Create | Militia |
| 5:58 | Build | Palisade Wall |
| 6:12 | Create | Villager (Male) |
| 6:41 | Create | Villager (Male) |
| 6:45 | Build | Palisade Wall |
| 6:49 | Build | Palisade Wall |
| 7:03 | Create | Villager (Male) |
| 7:12 | Build | Mining Camp |
| 7:23 | Create | Villager (Male) |
| 7:41 | Build | House |
| 7:48 | Create | Villager (Male) |
| 8:00 | Build | House |
| 8:06 | Build | Palisade Wall |
| 8:07 | Build | Palisade Wall |
| 8:16 | Create | Villager (Male) |
| 8:17 | Create | Villager (Male) |
| 8:37 | Build | Mill |
| 8:58 | Create | Villager (Male) |
| 9:19 | Build | Farm |
| 9:22 | Build | Farm |
| 9:32 | Build | Mill |
| 9:34 | Create | Villager (Male) |
| 9:46 | Create | Villager (Male) |
| 9:49 | Create | Villager (Male) |
| 9:59 | Build | Palisade Wall |
| 10:00 | Build | Palisade Wall |
| 10:00 | Build | Palisade Wall |
| 10:02 | Build | House |
| 10:05 | Build | House |
| 10:08 | Create | Villager (Male) |
| 10:19 | Build | Farm |
| 10:29 | Research | Feudal Age |
| 10:29 | Research | Feudal Age |
| 10:39 | Create | Militia |
| 11:04 | Create | Militia |
| 11:10 | Build | Palisade Wall |
| 11:15 | Build | House |
| 11:15 | Build | Palisade Wall |
| 11:16 | Build | Palisade Wall |
| 11:29 | Build | Farm |
| 11:31 | Build | Farm |
| 11:37 | Create | Villager (Male) |
| 11:43 | Build | Farm |
| 11:49 | Build | Farm |
| 11:52 | Build | Palisade Wall |
| 11:55 | Create | Militia |
| 12:06 | Build | Palisade Wall |
| 12:13 | Create | Villager (Male) |
| 12:39 | Age | Feudal Age |
| 12:40 | Research | Man-at-Arms (upgrade) |
| 12:47 | Build | Archery Range |
| 12:48 | Build | Archery Range |
| 12:53 | Create | Villager (Male) |
| 13:09 | Create | Villager (Male) |
| 13:24 | Build | Lumber Camp |
| 13:36 | Research | Double-Bit Axe |
| 13:37 | Research | Double-Bit Axe |
| 13:44 | Create | Skirmisher |
| 13:45 | Create | Skirmisher |
| 13:49 | Build | Palisade Gate |
| 13:50 | Build | Palisade Wall |
| 13:54 | Create | Villager (Male) |
| 13:56 | Build | Farm |
| 14:04 | Build | Palisade Wall |
| 14:05 | Build | Palisade Wall |
| 14:17 | Build | House |
| 14:20 | Build | Palisade Wall |
| 14:21 | Create | Villager (Male) |
| 14:23 | Build | Palisade Wall |
| 14:37 | Build | Blacksmith |
| 14:41 | Create | Skirmisher |
| 14:41 | Create | Skirmisher |
| 14:52 | Create | Villager (Male) |
| 14:56 | Build | Palisade Gate |
| 15:05 | Create | Skirmisher |
| 15:10 | Create | Villager (Male) |
| 15:18 | Create | Skirmisher |
| 15:22 | Build | House |
| 15:25 | Build | Farm |
| 15:32 | Build | House |
| 15:36 | Build | House |
| 15:37 | Build | Palisade Wall |
| 15:38 | Build | Palisade Wall |
| 15:41 | Create | Villager (Male) |
| 15:46 | Build | Farm |
| 15:49 | Build | Farm |
| 15:53 | Build | Farm |
| 15:57 | Build | Palisade Wall |
| 15:58 | Create | Villager (Male) |
| 16:00 | Create | Archer |
| 16:19 | Create | Villager (Male) |
| 16:23 | Build | Farm |
| 16:26 | Build | Farm |
| 16:28 | Build | Farm |
| 16:36 | Research | Fletching |
| 16:42 | Build | Farm |
| 16:51 | Build | House |
| 16:54 | Create | Villager (Male) |
| 17:05 | Build | Farm |
| 17:08 | Create | Villager (Male) |
| 17:19 | Create | Villager (Male) |
| 17:24 | Build | Palisade Wall |
| 17:26 | Create | Villager (Male) |
| 17:30 | Create | Villager (Male) |
| 17:32 | Build | Farm |
| 17:32 | Build | Farm |
| 17:32 | Build | Farm |
| 17:32 | Build | Farm |
| 17:35 | Create | Skirmisher |
| 17:40 | Create | Villager (Male) |
| 17:49 | Build | House |
| 17:51 | Research | Padded Archer Armor |
| 17:59 | Build | Palisade Wall |
| 18:11 | Create | Villager (Male) |
| 18:17 | Research | Wheelbarrow |
| 18:17 | Create | Skirmisher |
| 18:19 | Create | Skirmisher |
| 18:31 | Create | Villager (Male) |
| 18:34 | Build | Palisade Wall |
| 18:40 | Build | Farm |
| 18:57 | Research | Scale Mail Armor |
| 19:02 | Create | Villager (Male) |
| 19:05 | Build | Farm |
| 19:07 | Research | Horse Collar |
| 19:08 | Create | Villager (Male) |
| 19:09 | Build | Palisade Wall |
Match timeline
| 4:32 | Mawashigeri · first_building Barracks |
| 4:41 | Macluffy · first_building Barracks |
| 4:48 | Macluffy · wall_segment Palisade Wall x1 |
| 4:49 | Macluffy · wall_segment Palisade Wall x1 |
| 4:50 | Macluffy · wall_segment Palisade Wall x1 |
| 5:58 | Mawashigeri · wall_segment Palisade Wall x5 |
| 6:45 | Mawashigeri · wall_segment Palisade Wall x8 |
| 6:49 | Mawashigeri · wall_segment Palisade Wall x6 |
| 7:21 | Macluffy · wall_segment Palisade Wall x1 |
| 7:23 | Macluffy · wall_segment Palisade Wall x1 |
| 7:32 | Macluffy · wall_segment Palisade Wall x1 |
| 7:33 | Macluffy · wall_segment Palisade Wall x1 |
| 7:35 | Macluffy · wall_segment Palisade Wall x1 |
| 8:06 | Mawashigeri · wall_segment Palisade Wall x1 |
| 8:07 | Mawashigeri · wall_segment Palisade Wall x1 |
| 9:59 | Mawashigeri · wall_segment Palisade Wall x1 |
| 10:00 | Mawashigeri · wall_segment Palisade Wall x1 |
| 10:00 | Mawashigeri · wall_segment Palisade Wall x2 |
| 10:40 | Macluffy · age_up feudal |
| 10:51 | Macluffy · first_building Archery Range |
| 11:10 | Mawashigeri · wall_segment Palisade Wall x1 |
| 11:15 | Mawashigeri · wall_segment Palisade Wall x1 |
| 11:16 | Mawashigeri · wall_segment Palisade Wall x1 |
| 11:52 | Mawashigeri · wall_segment Palisade Wall x1 |
| 12:02 | Macluffy · wall_segment Palisade Wall x1 |
| 12:03 | Macluffy · wall_segment Palisade Wall x1 |
| 12:03 | Macluffy · wall_segment Palisade Wall x1 |
| 12:05 | Macluffy · wall_segment Palisade Wall x1 |
| 12:06 | Mawashigeri · wall_segment Palisade Wall x6 |
| 12:07 | Macluffy · wall_segment Palisade Wall x1 |
| 12:39 | Mawashigeri · age_up feudal |
| 12:47 | Mawashigeri · first_building Archery Range |
| 13:50 | Mawashigeri · wall_segment Palisade Wall x1 |
| 14:04 | Mawashigeri · wall_segment Palisade Wall x1 |
| 14:05 | Mawashigeri · wall_segment Palisade Wall x11 |
| 14:20 | Mawashigeri · wall_segment Palisade Wall x1 |
| 14:23 | Mawashigeri · wall_segment Palisade Wall x1 |
| 15:37 | Mawashigeri · wall_segment Palisade Wall x3 |
| 15:38 | Mawashigeri · wall_segment Palisade Wall x8 |
| 15:57 | Mawashigeri · wall_segment Palisade Wall x1 |
| 16:22 | Macluffy · wall_segment Palisade Wall x5 |
| 16:48 | Macluffy · wall_segment Palisade Wall x1 |
| 16:56 | Macluffy · wall_segment Palisade Wall x1 |
| 16:58 | Macluffy · wall_segment Palisade Wall x9 |
| 17:06 | Macluffy · wall_segment Palisade Wall x7 |
| 17:08 | Macluffy · wall_segment Palisade Wall x12 |
| 17:24 | Mawashigeri · wall_segment Palisade Wall x2 |
| 17:59 | Mawashigeri · wall_segment Palisade Wall x1 |
| 18:21 | Macluffy · wall_segment Palisade Wall x7 |
| 18:24 | Macluffy · wall_segment Palisade Wall x8 |
| 18:34 | Mawashigeri · wall_segment Palisade Wall x6 |
| 19:09 | Mawashigeri · wall_segment Palisade Wall x4 |
| 19:34 | Macluffy · wall_segment Palisade Wall x1 |
| 21:25 | Mawashigeri · wall_segment Palisade Wall x1 |
| 21:57 | Macluffy · first_building Stable |
| 23:32 | Macluffy · age_up castle |
| 23:43 | Mawashigeri · age_up castle |
| 23:56 | Macluffy · first_market_buy 100 wood |
| 24:51 | Mawashigeri · first_building Castle |
| 27:13 | Macluffy · first_building Monastery |
| 29:55 | Mawashigeri · wall_segment Palisade Wall x5 |
| 31:46 | Mawashigeri · wall_segment Palisade Wall x4 |
| 32:51 | Macluffy · first_market_sell 100 food |
| 35:24 | Macluffy · first_building Castle |
| 36:53 | Macluffy · age_up imperial |
| 37:30 | Mawashigeri · first_market_buy 100 food |
| 40:54 | Mawashigeri · age_up imperial |
| 52:23 | Macluffy · first_building Siege Workshop |
| 53:28 | Mawashigeri · resign |
[ AI ANALYSIS · 1 CREDIT ]
What really happened in this match?
Wolo.gg analyzes every decision: build order, eco, micro, common mistakes by bracket. Personalized analysis on WhatsApp or Discord in 30 seconds.
Civ guide
Huns
Perfil
Jugador #453821